Map: Lightshade LE

Players

CaptinFalcon

  • Race: Terran Terran
  • League: Diamond

Osiris - Winner!

  • Race: Terran Terran
  • League: Master

VOD

Have the link to the VOD?

Description

Time

  • Played on: May 13, 2021, 9:40 p.m.
  • Length: 18:57
Show
View Real Time Build Order
Export as new Build Order

CaptinFalcon Terran 

Build Orders: Reaper Expand 

Get SALT Encoding   

  12  0:00  SCV  
  13  0:12  SCV  
  14  0:17  Supply Depot  
  14  0:24  SCV  
  15  0:39  SCV  
  15  0:40  Barracks  
  16  0:43  Refinery  
  16  0:51  SCV  
  17  1:03  SCV  
  18  1:15  SCV  
  19  1:26  Reaper  
  19  1:27  Orbital Command  
  20  1:38  Command Center  
  20  1:52  Refinery  
  20  1:55  SCV  
  20  1:58  Supply Depot  
  20  1:59  Reaper  
  22  2:07  SCV  
  23  2:19  SCV  
  23  2:23  Factory  
  23  2:34  SCV  
  23  2:35  Barracks Reactor  
  24  2:46  SCV  
  23  2:58  SCV  
  23  3:00  Orbital Command  
  24  3:06  Factory Tech Lab  
  24  3:08  Starport  
  24  3:11  SCV  
  25  3:12  Marine  
  25  3:13  Marine  
  27  3:24  Cyclone  
  27  3:25  Orbital Command  
  29  3:27  SCV  
  29  3:30  Marine x2  
  32  3:40  SCV  
  32  3:45  Fusion Core  
  32  3:48  Marine x2  
  34  3:58  SCV x2  
  36  4:08  Starport Tech Lab  
  36  4:10  SCV x2  
  36  4:11  Refinery  
  36  4:13  Refinery  
  43  4:26  Supply Depot  
  43  4:29  Supply Depot  
  37  4:47  Battlecruiser  
  43  4:53  SCV x2  
  43  4:58  Marine x2  
  43  4:59  Siege Tank  
  47  5:05  SCV x2  
  47  5:17  Marine x2, SCV x2  
  49  5:29  SCV x2  
  49  5:34  Siege Tank  
  51  5:46  SCV x2  
  51  5:47  Marine  
  53  5:51  Battlecruiser  
  57  5:58  SCV  
  57  5:59  SCV  
  59  6:25  SCV x2  
  54  6:26  Siege Tank  
  54  6:31  Starport  
  58  6:36  Weapon Refit  
  58  6:37  SCV, Command Center  
  58  6:38  SCV  
  60  6:40  Starport  
  60  6:49  Supply Depot, SCV  
  60  6:50  Supply Depot, SCV  
  60  6:51  Supply Depot  
  62  7:09  Starport Tech Lab  
  62  7:10  SCV  
  62  7:11  Battlecruiser, SCV  
  70  7:21  Starport Tech Lab, Armory  
  70  7:23  SCV x2  
  70  7:24  Siege Tank  
  69  7:53  SCV  
  69  7:54  SCV  
  65  7:59  Battlecruiser  
  71  8:05  SCV  
  71  8:07  Siege Tank  
  75  8:25  SCV  
  75  8:26  SCV  
  83  8:34  Battlecruiser, Refinery  
  83  8:35  Engineering Bay  
  83  8:38  SCV  
  83  8:39  Refinery  
  84  8:44  Orbital Command  
  76  9:11  SCV  
  76  9:12  SCV x2  
  76  9:15  Siege Tank  
  76  9:16  Battlecruiser  
  85  9:23  SCV  
  85  9:24  SCV x2  
  88  9:33  Terran Ship Weapons Level 1  
  88  9:34  Missile Turret  
  88  9:35  SCV  
  88  9:36  SCV x2, Missile Turret  
  88  9:37  Missile Turret  
  91  9:41  Battlecruiser, Command Center  
  91  9:42  Command Center  
  97  9:48  SCV x3  
  99  10:12  SCV x2  
  101  10:18  Supply Depot  
  101  10:19  Hi-Sec Auto Tracking  
  101  10:21  Supply Depot  
  101  10:40  Battlecruiser, SCV  
  108  10:43  Supply Depot, Siege Tank  
  108  10:48  Battlecruiser  
  116  11:07  SCV x3  
  116  11:08  Refinery  
  116  11:10  Orbital Command  
  119  11:12  Refinery, Command Center  
  119  11:14  Command Center  
  119  11:15  Siege Tank  
  119  11:16  Neosteel Armor  
  122  11:19  SCV x3  
  122  11:22  Armory  
  125  11:30  Terran Ship Weapons Level 2  
  125  11:31  SCV x2  
  124  11:47  Siege Tank  
  124  11:57  Battlecruiser x2  
  136  12:11  SCV  
  136  12:12  SCV  
  136  12:13  Planetary Fortress  
  138  12:21  SCV, Missile Turret  
  138  12:22  Missile Turret  
  145  12:23  Battlecruiser, Sensor Tower, Missile Turret x2  
  145  12:24  SCV x2  
  147  12:33  SCV  
  147  12:36  SCV  
  117  13:01  Battlecruiser  
  117  13:02  Battlecruiser  
  117  13:16  Missile Turret  
  117  13:18  Missile Turret  
  117  13:19  Missile Turret  
  117  13:25  Siege Tank  
  117  13:26  Command Center  
  120  13:28  Command Center  
  120  13:29  Terran Vehicle And Ship Armor Level 1  
  120  13:32  SCV x4  
  124  13:34  Starport  
  124  13:36  Starport  
  124  13:43  Sensor Tower  
  124  13:46  Sensor Tower  
  124  13:47  Missile Turret  
  124  13:51  Battlecruiser  
  130  13:57  Siege Tank  
  130  14:02  SCV x3  
  127  14:29  SCV x4  
  128  14:41  SCV  
  128  14:42  Battlecruiser, Starport Tech Lab  
  128  14:43  Starport Tech Lab  
  128  14:44  Battlecruiser  
  141  14:54  Siege Tank  
  141  14:55  Battlecruiser  
  150  15:10  Battlecruiser  
  156  15:14  Refinery, Missile Turret  
  156  15:16  Refinery  
  156  15:17  Terran Ship Weapons Level 3  
  156  15:26  Missile Turret x2, Terran Vehicle And Ship Armor Level 2  
  156  15:27  SCV  
  156  15:28  SCV x3  
  160  15:35  Command Center  
  160  15:36  Command Center  
  160  15:40  SCV  
  155  16:08  Battlecruiser x2  
  137  16:27  Missile Turret  
  137  16:29  Missile Turret  
  137  16:30  Orbital Command  
  137  16:35  Siege Tank  
  137  16:37  Battlecruiser  
  137  16:53  Battlecruiser  
  64  18:28  Barracks  
  64  18:32  Engineering Bay  
Show
View Real Time Build Order
Export as new Build Order

Osiris Terran - Winner!

Build Orders: 2 Factory 

Get SALT Encoding   

  12  0:01  SCV  
  13  0:13  SCV  
  14  0:17  Supply Depot  
  14  0:25  SCV  
  15  0:39  SCV  
  15  0:41  Barracks  
  16  0:43  Refinery  
  16  0:51  SCV  
  16  0:54  Refinery  
  17  1:03  SCV  
  18  1:15  SCV  
  19  1:28  Orbital Command, Reaper  
  19  1:31  Supply Depot  
  20  1:43  Factory  
  20  1:54  SCV  
  21  2:00  Reaper  
  22  2:09  SCV  
  22  2:29  Hellion  
  24  2:43  Command Center  
  24  2:47  Barracks Tech Lab  
  23  3:06  SCV  
  23  3:12  Supply Depot  
  24  3:17  Factory  
  24  3:18  SCV  
  25  3:23  Cyclone  
  28  3:30  SCV  
  29  3:38  Barracks Tech Lab  
  29  3:42  SCV  
  30  3:55  Refinery, SCV, Cyclone  
  34  4:06  Orbital Command  
  34  4:07  SCV  
  35  4:19  SCV, Cyclone  
  36  4:30  Cyclone  
  40  4:31  SCV x2  
  41  4:40  Starport  
  41  4:43  SCV x2  
  40  4:51  Cyclone  
  43  4:56  SCV  
  43  4:57  SCV  
  45  5:02  Cyclone  
  45  5:05  Mag-Field Accelerator, Command Center  
  48  5:08  SCV  
  49  5:16  SCV  
  49  5:20  SCV  
  51  5:22  Supply Depot  
  51  5:23  Refinery, Supply Depot, Starport Reactor  
  51  5:25  Cyclone  
  54  5:37  SCV  
  54  5:42  SCV  
  53  5:44  Cyclone  
  53  5:46  Supply Depot  
  53  5:49  SCV  
  54  5:57  SCV  
  54  6:00  Liberator  
  56  6:09  Cyclone  
  52  6:19  Cyclone  
  52  6:22  SCV  
  52  6:23  SCV  
  53  6:30  Liberator  
  57  6:35  Orbital Command, SCV  
  57  6:38  SCV  
  58  6:47  SCV  
  59  6:50  SCV  
  59  6:51  Cyclone  
  63  6:59  SCV  
  64  7:02  SCV x2  
  66  7:11  SCV  
  66  7:13  Viking  
  66  7:14  Viking, SCV  
  72  7:17  SCV  
  73  7:23  Supply Depot  
  55  7:41  SCV  
  53  7:51  Viking, Cyclone x2  
  56  7:52  Viking  
  56  7:56  SCV  
  56  7:57  SCV  
  62  8:01  Orbital Command  
  62  8:04  Factory  
  62  8:14  SCV x2  
  64  8:24  Cyclone  
  64  8:25  Liberator, Cyclone  
  64  8:26  SCV x2  
  75  8:29  Refinery  
  75  8:33  Viking, SCV  
  78  8:34  Refinery  
  78  8:38  SCV x2  
  80  8:48  SCV  
  81  8:50  SCV  
  82  8:56  Command Center  
  79  9:06  Cyclone, Factory Tech Lab  
  79  9:07  Cyclone  
  78  9:14  Viking x2  
  75  9:20  SCV  
  76  9:25  Cyclone  
  76  9:26  SCV x2  
  76  9:27  Command Center  
  81  9:32  Supply Depot  
  81  9:34  SCV  
  81  9:35  Supply Depot  
  81  9:38  SCV  
  83  9:40  Cyclone x2  
  89  9:46  Viking x2  
  93  10:05  Cyclone  
  93  10:06  SCV  
  89  10:14  Cyclone x2  
  89  10:15  Factory  
  89  10:16  Factory  
  89  10:19  Viking x2  
  96  10:26  Orbital Command  
  96  10:31  Engineering Bay  
  96  10:32  Refinery  
  96  10:33  Supply Depot, SCV x2  
  96  10:34  Refinery  
  98  10:38  SCV  
  98  10:39  Cyclone  
  102  10:45  Orbital Command, SCV  
  102  10:46  SCV, Cyclone  
  106  10:51  Viking x2, Cyclone  
  106  10:52  SCV x2  
  115  10:57  SCV  
  115  10:58  SCV  
  115  11:01  Missile Turret, Factory Tech Lab x2  
  117  11:04  Missile Turret  
  117  11:06  Missile Turret  
  117  11:07  Missile Turret  
  117  11:13  Missile Turret  
  122  11:20  Cyclone x2  
  122  11:21  Cyclone x2  
  129  11:28  Missile Turret  
  129  11:31  Missile Turret x2, Neosteel Armor  
  129  11:35  Armory  
  129  11:36  SCV x2  
  129  11:37  Armory  
  108  12:02  Missile Turret  
  108  12:04  Missile Turret  
  106  12:13  SCV x2  
  108  12:20  SCV  
  108  12:21  SCV x2  
  111  12:24  Cyclone  
  111  12:25  SCV, Cyclone x4  
  111  12:26  Viking x2  
  111  12:29  Terran Vehicle And Ship Armor Level 1  
  128  12:30  Terran Ship Weapons Level 1  
  93  13:01  Cyclone x5  
  93  13:02  Viking x2  
  93  13:04  SCV  
  102  13:23  SCV  
  102  13:24  SCV x2  
  105  13:27  Missile Turret  
  105  13:32  SCV  
  106  13:36  Cyclone  
  106  13:37  Missile Turret, Cyclone x2  
  118  13:41  Cyclone x2  
  118  13:43  Viking  
  123  13:49  Viking, Missile Turret  
  125  13:56  SCV  
  109  14:15  Cyclone  
  109  14:16  Cyclone x3  
  118  14:23  Cyclone  
  106  14:24  Viking x2  
  110  14:44  Factory x2  
  110  14:45  Factory  
  110  14:48  Hellion, Cyclone x3  
  121  14:56  Hellion, Starport, SCV x2  
  121  14:59  Viking  
  127  15:00  Viking  
  127  15:01  Starport  
  127  15:06  Terran Vehicle And Ship Armor Level 2  
  129  15:10  Hellion, Terran Ship Weapons Level 2  
  131  15:15  Infernal Pre-Igniter  
  131  15:20  Hellion  
  131  15:21  Cyclone x3  
  142  15:31  Cyclone  
  142  15:33  Starport Reactor  
  142  15:34  Viking x2, Orbital Command  
  149  15:36  Factory Tech Lab, Factory Reactor  
  149  15:37  Factory Tech Lab  
  149  15:41  Cyclone  
  152  15:46  Starport Reactor  
  139  15:57  Cyclone x5  
  139  16:01  Refinery  
  154  16:04  Refinery  
  154  16:06  Missile Turret  
  154  16:09  Cyclone  
  154  16:10  Missile Turret x2  
  140  16:14  Command Center  
  140  16:29  Viking  
  140  16:31  Hellion  
  139  16:34  Hellion  
  139  16:38  Hellion  
  140  16:42  Cyclone  
  138  16:59  Cyclone  
  139  17:06  Cyclone  
  139  17:08  Hellion  
  139  17:09  Hellion  
  139  17:10  Cyclone  
  139  17:12  Cyclone  
  139  17:13  Viking  
  139  17:15  Cyclone  
  139  17:17  Cyclone  
  122  17:40  Cyclone x2  
  122  17:43  Cyclone  
  122  17:54  Hellion x2  
  122  17:55  Hellion  
  117  18:09  SCV x2  
  117  18:10  Cyclone  
  121  18:18  SCV  
  116  18:21  SCV x2  
  114  18:30  Hellion, SCV  
  114  18:31  SCV  
Tags
 
Add a new tag
Caveats
  • Supply blocks, unpowered buildings, or Contaminate may cause inaccurate times.
  • Supply counts are checked every 10 seconds.